 Dungeon Crawl Stone Soup version 0.29.0 (webtiles) character file.

Game seed: 3640469057285563170

16 Orban the Trooper (level 2, -2/24 HPs)
             Began as a Minotaur Monk on Sept 1, 2022.
             Was a Believer of Hepliaklqana.
             Slain by Sigmund
             ... wielding a +0 scythe
              (10 damage)
             ... on level 2 of the Dungeon.
             The game lasted 00:02:11 (1191 turns).

Orban the Trooper (Minotaur Monk)                   Turns: 1191, Time: 00:02:12

Health: -2/24      AC:  2    Str: 15    XL:     2   Next: 37%
Magic:  1/1        EV: 10    Int:  7    God:    Hepliaklqana [**....]
Gold:   46         SH:  0    Dex: 12    Spells: 1/1 levels left

rFire   . . .      SeeInvis .   a - +0 mace
rCold   . . .      Faith    .   (no shield)
rNeg    . . .      Spirit   .   b - +0 robe
rPois   .          Reflect  .   (helmet restricted)
rElec   .          Harm     .   (no cloak)
rCorr   .          Rampage  .   (no gloves)
Will    .....                   (no boots)
Stlth   ++........              (no amulet)
HPRegen 0.08/turn               (no ring)
MPRegen 0.07/turn               (no ring)

@: constricted
A: reduced essence, horns 2, retaliatory headbutt
a: Renounce Religion, Ancestor Life: Knight, Ancestor Life: Battlemage, Ancestor
Life: Hexer, Recall Ancestor, Ancestor Identity


You were on level 2 of the Dungeon.
You worshipped Hepliaklqana.
Hepliaklqana was pleased with you.
You visited 1 branch of the dungeon, and saw 2 of its levels.

You collected 46 gold pieces.

Inventory:

Hand Weapons
 a - a +0 mace (weapon)
Armour
 b - a +0 robe (worn)
Scrolls
 d - a scroll of teleportation {unknown}
 f - a scroll of identify {unknown}
Potions
 e - a potion of brilliance {unknown}


   Skills:
 + Level 3.9 Fighting
 + Level 3.9 Maces & Flails
 + Level 3.5 Dodging
 + Level 1.9 Stealth


You had one spell level left.
You didn't know any spells.
Your spell library contained the following spells:

 Spells                   Type           Power      Damage    Failure   Level
 Sublimation of Blood     Necr           0%         N/A       56%         2
 Wereblood                Tmut           0%         N/A       56%         2
 Summon Hydra             Summ           0%         N/A       100%        7


Dungeon Overview and Level Annotations

Branches:
Dungeon (2/15)

Altars:
Hepliaklqana

Annotations:
D:2 Sigmund


Innate Abilities, Weirdness & Mutations

Your life essence is reduced to manifest your ancestor. (-10% HP)
You have a pair of horns on your head.
You reflexively headbutt those who attack you in melee.


Message History

Sigmund gestures at Citlalmina while chanting.
The puff of flame hits Citlalmina.
Citlalmina resists.
Citlalmina closely misses Sigmund.
The ball python bites you.
* * * LOW HITPOINT WARNING * * *
The ball python constricts you.
You bump into the rock wall.
Citlalmina closely misses Sigmund.
Sigmund closely misses Citlalmina.
The ball python bites you but does no damage.
The ball python constricts you.
You barely miss Sigmund. Your headbutt misses Sigmund.
Sigmund is severely wounded.
You feel less invigorated. The ball python misses you.
The ball python constricts you.
Citlalmina hits Sigmund.
Sigmund points at Citlalmina and mumbles some strange words.
The puff of flame hits Citlalmina.
Citlalmina resists.
The ball python barely misses you. The ball python constricts you.
Citlalmina misses Sigmund.
You bump into the rock wall.
Sigmund barely misses Citlalmina.
The ball python bites you but does no damage.
The ball python constricts you.
Citlalmina barely misses Sigmund.
You miss the ball python. The ball python barely misses you.
The ball python constricts you.
Sigmund hits Citlalmina with a +0 scythe!
Citlalmina is destroyed!
Sigmund shouts!
You barely miss Sigmund.
Sigmund is severely wounded.
The ball python barely misses you. The ball python constricts you.
The ball python closely misses you. The ball python constricts you.
You closely miss the ball python. Sigmund closely misses you.
The ball python bites you. The ball python constricts you.
You miss Sigmund. Your headbutt misses Sigmund.
Sigmund is severely wounded.
You feel less confused. The ball python misses you. You furiously retaliate!
You headbutt the ball python. The ball python constricts you.
Sigmund hits you with a +0 scythe!
You die...

#.# #.# #.# .. #.#
##. ####.# .. ..#.# .
#.####.#S#####
..####.#..#.#@....#.#
...........)..@......
..................#.#
........###.#######
..........#.#
........#.#.#
+########.#.# #.#.#
.. #.#.#


You could see Sigmund and a ball python.

Vanquished Creatures
  An endoplasm (D:1)
  5 goblins (D:1)
  3 hobgoblins (D:1)
  A ball python (D:1)
  A bat (D:1)
  A kobold (D:1)
  3 rats (D:1)
15 creatures vanquished.

Vanquished Creatures (others)
  An ancestor (D:2)
1 creature vanquished.

Grand Total: 16 creatures vanquished

Notes
Turn   | Place    | Note
-------+----------+-------------------------------------------
     0 | D:1      | Orban the Minotaur Monk began the quest for the Orb.
     0 | D:1      | Reached XP level 1. HP: 19/19 MP: 0/0
   452 | D:1      | Reached XP level 2. HP: 22/27 MP: 1/1
  1093 | D:2      | Found a hazy altar of Hepliaklqana.
  1132 | D:2      | Became a worshipper of Hepliaklqana the Forgotten
  1132 | D:2      | Reached * piety under Hepliaklqana
  1132 | D:2      | Reached ** piety under Hepliaklqana
  1173 | D:2      | Noticed Sigmund
  1191 | D:2      | Slain by Sigmund

Illustrated notes

Levels and vault maps discovered:
D:1:      dpeg_arrival_concentric_ovals, layout_basic
D:2:      layout_basic, basic_altar, chequers_ecumenical_altar_twisty,
          chequers_garden, uniq_sigmund

Action                   || total
-------------------------++-------
Melee: Mace              ||    40
       Headbutt          ||     5
       Punch             ||     1
  Use: Potion            ||     1
 Stab: Sleeping          ||     2
Armor: Robe              ||     7
Dodge: Dodged            ||    28
